Map: Data-C

Players

DisReSpeCT

  • Race: Terran Terran
  • Spawn Location: 3:00

JonSnow - Winner!

  • Race: Zerg Zerg
  • Spawn Location: 9:00

Event: DreamHack SC2 Masters 2022 Atlanta (Offline)

VOD

Have the link to the VOD?

Description

Time

  • Played on: Nov. 18, 2022, 2:26 p.m.
  • Length: 9:21

All games in this series

Show
View Real Time Build Order
Export as new Build Order

DisReSpeCT Terran 

Build Orders:  

Get SALT Encoding   

  12  0:00  SCV  
  13  0:12  SCV  
  14  0:19  Supply Depot  
  14  0:24  SCV  
  15  0:41  Barracks  
  15  0:54  Barracks  
  15  0:56  SCV  
  16  1:08  SCV  
  16  1:09  Refinery  
  17  1:20  SCV  
  18  1:28  Marine  
  18  1:32  Orbital Command  
  19  1:41  Marine  
  19  1:45  Marine  
  19  1:46  Supply Depot  
  21  1:58  Bunker, Marine  
  22  2:03  Marine  
  23  2:12  SCV  
  23  2:16  Marine  
  23  2:21  Marine  
  21  2:42  SCV  
  21  2:43  Factory  
  18  2:54  SCV  
  18  2:57  Command Center  
  19  3:06  SCV  
  20  3:19  SCV  
  21  3:22  Command Center  
  20  3:29  Hellion  
  20  3:31  SCV  
  23  3:36  Starport  
  23  3:43  SCV  
  24  3:51  Factory Reactor  
  25  3:55  SCV  
  25  3:59  Refinery  
  25  4:07  SCV  
  26  4:10  Barracks Tech Lab  
  26  4:12  Viking  
  28  4:19  SCV  
  29  4:28  Hellion  
  29  4:30  Stimpack  
  31  4:33  Marine  
  31  4:34  SCV, Hellion  
  31  4:38  Orbital Command  
  35  4:48  SCV, Orbital Command  
  36  4:54  Hellion  
  38  5:01  SCV  
  38  5:04  Orbital Command  
  38  5:05  Liberator  
  42  5:09  SCV  
  42  5:14  SCV  
  44  5:18  Hellion  
  49  5:21  SCV, Hellion  
  49  5:26  SCV  
  50  5:33  SCV  
  50  5:34  Supply Depot  
  51  5:36  SCV  
  52  5:44  SCV  
  52  5:45  Supply Depot, SCV  
  54  5:54  Barracks, Starport Reactor  
  54  5:55  Factory Tech Lab  
  54  5:56  Barracks, SCV  
  55  5:57  SCV  
  56  6:05  SCV  
  56  6:08  Engineering Bay x2, SCV  
  59  6:11  SCV  
  59  6:13  Combat Shield  
  59  6:17  SCV  
  60  6:20  SCV  
  60  6:23  SCV  
  62  6:25  Marine  
  62  6:26  Refinery  
  62  6:27  Refinery, Siege Tank  
  62  6:30  SCV  
  67  6:32  SCV  
  67  6:35  SCV  
  67  6:38  Supply Depot  
  69  6:41  Terran Infantry Armor Level 1, Terran Infantry Weapons Level 1  
  69  6:42  SCV, Marine x2  
  69  6:45  SCV  
  73  6:47  SCV  
  73  6:49  Starport Reactor  
  73  6:51  Marine  
  73  6:54  SCV  
  76  6:57  SCV  
  76  6:59  Barracks, Marine x2  
  76  7:00  Barracks, Marine x2  
  81  7:04  Siege Tank  
  84  7:09  Marine  
  85  7:18  Supply Depot  
  85  7:19  Supply Depot, Orbital Command, Marine  
  85  7:20  SCV x2  
  88  7:26  Marine x4  
  92  7:32  SCV  
  92  7:33  Medivac x2  
  98  7:37  Marine  
  98  7:43  Supply Depot, Marine  
  101  7:44  SCV, Marine x2  
  101  7:45  Marine  
  101  7:49  Supply Depot  
  101  7:50  SCV x2  
  105  7:53  Barracks Reactor, Barracks Tech Lab  
  105  7:56  SCV  
  105  7:57  Siege Tank  
  109  8:03  SCV x2  
  111  8:05  Bunker  
  111  8:09  Marauder, Marine  
  111  8:10  Marine x2  
  116  8:13  SCV  
  116  8:14  Marine x2  
  116  8:15  SCV  
  116  8:19  Refinery  
  120  8:22  Supply Depot  
  120  8:23  Medivac  
  120  8:28  SCV  
  120  8:29  Siege Tank  
  120  8:30  Supply Depot  
  124  8:36  Armory  
  116  8:46  SCV x3  
  117  8:48  Refinery  
  117  8:49  Marauder x2, Marine x5  
  126  8:58  SCV  
Show
View Real Time Build Order
Export as new Build Order

JonSnow Zerg - Winner!

Build Orders: Hatch First 

Get SALT Encoding   

  12  0:02  Drone  
  13  0:13  Overlord  
  13  0:18  Drone  
  14  0:31  Drone x2  
  16  0:49  Hatchery  
  15  0:55  Drone x2  
  17  0:59  Drone  
  18  1:11  Extractor  
  17  1:15  Spawning Pool  
  16  1:19  Drone  
  17  1:26  Drone  
  17  1:29  Drone  
  18  2:02  Zergling x8, Queen  
  24  2:10  Spine Crawler  
  24  2:14  Zergling x2  
  21  2:31  Drone x2  
  22  2:38  Drone  
  23  2:52  Drone x3  
  23  2:56  Drone  
  27  3:11  Overlord  
  27  3:14  Queen, Extractor  
  28  3:21  Overlord  
  29  3:29  Drone  
  30  3:34  Drone x4  
  30  3:35  Drone x2  
  36  3:55  Overlord  
  36  3:56  Hatchery  
  36  4:01  Drone  
  36  4:02  Drone x2  
  38  4:05  Queen  
  40  4:13  Queen  
  40  4:16  Drone  
  44  4:17  Drone  
  44  4:20  Overlord  
  44  4:23  Drone  
  45  4:25  Drone  
  45  4:28  Overlord  
  46  4:33  Drone  
  46  4:37  Roach Warren  
  46  4:38  Drone  
  47  4:39  Drone  
  47  4:45  Overlord  
  48  4:48  Drone x2  
  48  4:51  Overlord  
  50  4:57  Overlord  
  50  5:00  Queen  
  50  5:04  Overlord  
  50  5:05  Drone x2  
  54  5:10  Drone  
  54  5:12  Overlord  
  55  5:17  Spore Crawler  
  55  5:20  Lair  
  55  5:21  Drone x2  
  55  5:26  Drone x3  
  55  5:27  Drone  
  60  5:29  Extractor  
  60  5:30  Drone, Extractor  
  60  5:31  Drone  
  59  5:39  Queen  
  63  5:43  Roach x3  
  63  5:46  Roach  
  69  5:51  Overlord  
  69  5:59  Overlord  
  69  6:00  Drone x4  
  69  6:01  Evolution Chamber x2  
  71  6:06  Roach x2  
  75  6:14  Overlord  
  75  6:18  Extractor  
  74  6:19  Drone x7  
  81  6:26  Glial Reconstitution  
  81  6:28  Zerg Missile Weapons Level 1  
  81  6:29  Overlord  
  81  6:36  Zerg Ground Armor Level 1, Overlord  
  81  6:40  Drone x5, Extractor  
  81  6:42  Drone  
  81  6:45  Extractor  
  81  6:46  Overlord  
  85  6:49  Drone, Overlord  
  85  6:50  Drone  
  85  6:51  Drone  
  85  6:52  Drone  
  89  6:57  Drone  
  89  6:58  Drone x2  
  92  7:04  Drone x2  
  94  7:09  Hatchery  
  94  7:10  Roach x2  
  94  7:12  Overseer  
  97  7:17  Roach x4  
  105  7:23  Roach x3  
  105  7:27  Roach x3  
  117  7:31  Overseer  
  117  7:36  Overlord x3  
  117  7:42  Roach  
  117  7:43  Roach x4  
  127  7:48  Roach x2  
  127  7:50  Ravager x2  
  133  7:51  Overlord  
  135  7:58  Roach x5  
  135  8:01  Drone  
  144  8:06  Roach x2  
  148  8:17  Roach x5  
  158  8:23  Roach x5  
  167  8:28  Ravager x4  
  167  8:29  Roach  
  173  8:36  Evolution Chamber  
  172  8:42  Roach x8  
  188  8:48  Overlord  
  188  8:56  Overlord  
  188  8:57  Roach  
Tags
 
Add a new tag
Caveats
  • Supply blocks, unpowered buildings, or Contaminate may cause inaccurate times.
  • Supply counts are checked every 10 seconds.